 Dungeon Crawl Stone Soup version 0.23.2-40-g277498a (webtiles) character file.

Game seed: 8416322921625522855

53 Fang the Skirmisher (level 3, 0/24 HPs)
             Began as a Gargoyle Berserker on Sept 6, 2019.
             Was a Believer of Trog.
             Slain by an adder (2 damage)
             ... on level 2 of the Dungeon.
             The game lasted 00:01:32 (1300 turns).

Fang the Skirmisher (Gargoyle Berserker)            Turns: 1300, Time: 00:01:33

Health: 0/24       AC:  5    Str: 21    XL:     3   Next: 87%
Magic:  3/3        EV: 12    Int:  7    God:    Trog [**....]
Gold:   64         SH:  0    Dex:  9    Spells: 2/2 levels left

rFire    . . .     SeeInvis .   a - +0 hand axe
rCold    . . .     Gourm    .   (no shield)
rNeg     + . .     Faith    .   b - +0 animal skin
rPois    ∞         Spirit   .   (no helmet)
rElec    +         Reflect  .   (no cloak)
rCorr    .         Harm     .   (no gloves)
MR       ++...                  (no boots)
Stlth    +.........             (no amulet)
HPRegen  1.08/turn              (no ring)
MPRegen  0.08/turn              (no ring)

@: regenerating
A: negative energy resistance 1, electricity resistance, unbreathing,
petrification resistance, rot immunity, AC +3
a: Berserk, Trog's Hand, Renounce Religion


You were on level 2 of the Dungeon.
You worshipped Trog.
Trog was pleased with you.
You were hungry.

You visited 1 branch of the dungeon, and saw 3 of its levels.

You collected 64 gold pieces.

Inventory:

Hand Weapons
 a - a +0 hand axe (weapon)
Armour
 b - a +0 animal skin (worn)
Scrolls
 e - 5 scrolls of remove curse {unknown}
 h - 4 scrolls of identify {unknown}
 i - a scroll of fear {unknown}
Potions
 d - a potion of berserk rage {unknown}
 f - a potion of might {unknown}
 g - a potion of degeneration {unknown}
 l - a potion of brilliance {unknown}
Comestibles
 c - 3 rations
 j - 2 chunks of flesh


   Skills:
 + Level 3.8 Fighting
 + Level 3.1 Axes
 + Level 2.8 Armour
 + Level 2.1 Dodging


You had 2 spell levels left.
You didn't know any spells.
Your spell library was empty.

Dungeon Overview and Level Annotations

Branches:
Dungeon (3/15)

Altars:
Elyvilon

Annotations:
D:2 Grinder


Innate Abilities, Weirdness & Mutations

You are resistant to torment.
Your stone body is resilient. (AC +3)
You are immune to poison.
You resist negative energy. (rN+)
You are resistant to electric shocks. (rElec)
You can survive without breathing.
You are immune to petrification.
You are immune to rotting.


Message History

The adder completely misses you. Grinder hits you.
You writhe in agony.
There is a stone staircase leading up here.
You see here a kobold corpse.
Grinder hits you.
* * * LOW HITPOINT WARNING * * *
You writhe in agony.
* * * LOW HITPOINT WARNING * * *
The crimson imp blinks!
The adder bites you but does no damage. The rat bites you but does no damage.
You climb upwards.
There is a stone staircase leading down here.
Your skin crawls.
You feel resistant to hostile enchantments.
You are feeling hungry.
The adder barely misses you. Grinder gestures at you.
You resist with almost no effort. The rat bites you but does no damage.
The adder bites you.
You die...

#######.# #.####...#.....#÷#
#####.......###(#........##..#..
#..........÷.)..............)...
#.#.....#...###.#...........))..
#............##.#...............
#.#.⌠.⌠.#)......................
#.............#.#...............
#.#.....#.#.#.#S#.....#.........
#...._....#....@r.....#.........
#.#.....#.###)5.÷###.##.........
#.........# #....# #..#.###....#
#.#.⌠.⌠.#.# ##...# ##.#.# ####..
#.........# #...# #.#.# ###
#.#.....#.# #...####.#.#
#.........# #..........#
#####.########...####.###
#...........#####.#


You could see Grinder, an adder and a rat.

Vanquished Creatures
  An ooze (D:2)
  A worm (D:2)
  2 dart slugs
  3 orcs (D:2)
  2 ball pythons
  6 bats
  A giant cockroach (D:1)
  3 hobgoblins
  A quokka (D:2)
  5 frilled lizards
  2 goblins (D:1)
  8 kobolds
  6 rats
41 creatures vanquished.

Notes
Turn   | Place    | Note
-------+----------+-------------------------------------------
     0 | D:1      | Fang the Gargoyle Berserker began the quest for the Orb.
     0 | D:1      | Reached XP level 1. HP: 14/14 MP: 1/1
   208 | D:1      | Reached XP level 2. HP: 16/19 MP: 2/2
   523 | D:1      | Reached ** piety under Trog
   542 | D:1      | Reached XP level 3. HP: 22/23 MP: 3/3
  1120 | D:2      | Found a white marble altar of Elyvilon.
  1288 | D:3      | Noticed Grinder
  1291 | D:3      | Paralysed by Grinder for 5 turns
  1298 | D:3      | HP: 1/24 [Grinder (2)]
  1300 | D:2      | Slain by an adder

Skill      XL: |  1  2  3 |
---------------+----------+-----
Dodging        | 2 |  2.1
Axes           | 3 |  3.1
Fighting       | |  3.8
Armour         | |  2.8

Action                   || total
-------------------------++-------
Melee: Hand axe          ||   126
Invok: Trog's Hand       ||     1
 Stab: Sleeping          ||     1
  Eat: Chunk             ||     1
Armor: Animal skin       ||    56
Dodge: Dodged            ||    84
